 Dungeon Crawl Stone Soup version 0.32-a0-859-gb0a091d592 (webtiles) character file.

Game seed: 10832358752508756693

480 wildpjah the Slasher (level 6, 0/35 (48) HPs)
             Began as a Demonspawn Gladiator on Mar 27, 2024.
             Slain by Edmund
             ... wielding a +1 dire flail of draining
              (10 damage)
             ... on level 4 of the Dungeon.
             The game lasted 00:07:42 (3163 turns).

wildpjah the Slasher (Demonspawn Gladiator)         Turns: 3163, Time: 00:07:42

HP:   0/35 (48)     AC:  5    Str: 14    XL:     6   Next: 86%
MP:   6/6           EV: 12    Int: 11    God:
Gold: 138           SH:  4    Dex: 16    Spells: 5/5 levels left

rFire   . . .        a - +0 long sword
rCold   . . .        (no shield)
rNeg    . . .        b - +0 leather armour
rPois   .            c - +0 helmet
rElec   .            (no cloak)
rCorr   .            t - +0 pair of gloves
SInv    .            (no boots)
Will    .....        (no amulet)
Stlth   ++           (no ring)
HPRegen 0.25/turn    (no ring)
MPRegen 0.10/turn

%: no passive effects
@: very heavily drained
A: big brain 1, condensation shield, weakness stinger 1
a: no special abilities


You were on level 4 of the Dungeon.
You visited 1 branch of the dungeon, and saw 4 of its levels.

You collected 138 gold pieces.

Inventory:

Hand Weapons
 a - a +0 long sword (weapon)
Missiles
 e - a javelin
 h - 6 stones
Armour
 b - a +0 leather armour (worn)
 c - a +0 helmet (worn)
 t - a +0 pair of gloves (worn)
Wands
 q - a wand of flame (6) (quivered)
Scrolls
 f - a scroll of blinking {unknown}
 g - 2 scrolls of amnesia {unknown}
 i - a scroll of noise {unknown}
 j - a scroll of poison {unknown}
 k - a scroll of identify {unknown}
 l - a scroll of butterflies {unknown}
 n - a scroll of fog {unknown}
 o - 2 scrolls of teleportation {unknown}
 p - a scroll of acquirement {unknown}
 u - a scroll of revelation {unknown}
Potions
 d - a potion of berserk rage {unknown}
 m - 2 potions of curing
 r - a potion of invisibility {unknown}
 s - a potion of haste {unknown}


   Skills:
 + Level 3.7 Fighting
 + Level 4.7 Long Blades
 + Level 2.2 Throwing
 + Level 1.9 Armour
 + Level 3.8 Dodging
 + Level 0.8 Stealth
 + Level 1.3 Shields


You had 5 spell levels left.
You didn't know any spells.
Your spell library contained the following spells:

 Spells                   Type           Power      Damage    Failure   Level
 Sublimation of Blood     Necr           0%         N/A       54%         2
 Passwall                 Erth           0%         N/A       78%         3
 Volatile Blastmotes      Fire/Tloc      0%         2d10      78%         3
 Petrify                  Alch/Erth      0%         N/A       99%         4
 Vhi's Electric Charge    Tloc/Air       0%         N/A       99%         4
 Irradiate                Conj/Alch      0%         3d11      100%        5
 Bombard                  Conj/Erth      0%         9d1       100%        6


Dungeon Overview and Level Annotations

Branches:
Dungeon (4/15)
 Temple: D:4-7

Altars:

Annotations:
D:4 Edmund, Grinder, Menkaure


Innate Abilities, Weirdness & Mutations

You have an unusually large brain. (Int +2)
A meltable shield of frost defends you. (SH +4)
You have a small tail.


Message History

Edmund mutters, "Who needs spells, anyway?"
Edmund hits you with a +1 dire flail of draining!
You feel drained.
An orc comes into view. It is wielding a +0 flail.
Edmund hits you with a +1 dire flail of draining.
You feel drained.
Aiming: Throw Flame
Press: ? - help, Q - select action, (/) - cycle Shift-Dir - straight line, f - Edmund
Aim: Edmund, wielding a +1 dire flail of draining and wearing a +0 ring mail (lightly wounded, 72% to hit)
The puff of flame hits Edmund.
Edmund is lightly wounded.
Edmund completely misses you.
Aiming: Throw Flame
Press: ? - help, Q - select action, (/) - cycle Shift-Dir - straight line, f/p - Edmund
Aim: Edmund, wielding a +1 dire flail of draining and wearing a +0 ring mail (lightly wounded, 72% to hit)
The puff of flame misses Edmund.
The puff of flame misses the orc.
Edmund hits you with a +1 dire flail of draining.
You feel drained.
Aiming: Throw Flame
Press: ? - help, Q - select action, (/) - cycle Shift-Dir - straight line, f/p - Edmund
Aim: Edmund, wielding a +1 dire flail of draining and wearing a +0 ring mail (lightly wounded, 72% to hit)
The puff of flame hits Edmund.
Edmund is lightly wounded.
Edmund hits you with a +1 dire flail of draining.
You feel drained.
* * * LOW HITPOINT WARNING * * *
Aiming: Throw Flame
Press: ? - help, Q - select action, (/) - cycle Shift-Dir - straight line, f/p - Edmund
Aim: Edmund, wielding a +1 dire flail of draining and wearing a +0 ring mail (lightly wounded, 72% to hit)
The puff of flame misses Edmund.
The puff of flame hits the orc.
The orc is severely wounded.
Edmund barely misses you.
Aiming: Throw Flame
Press: ? - help, Q - select action, (/) - cycle Shift-Dir - straight line, f/p - Edmund
Aim: Edmund, wielding a +1 dire flail of draining and wearing a +0 ring mail (lightly wounded, 72% to hit)
The puff of flame hits Edmund.
Edmund is moderately wounded.
Edmund hits you with a +1 dire flail of draining!
You die...
Edmund says, "That'll show my brother!"

#...###..###..## .. #...
#........#.....#
........#...
#........'.....# .......#...
#........#.....#
w.....J....#........#.....+
l.J..#....#........#.....#
#...##.o.##'####..########
##...##..@##.####..###...##
#......>..@................
#...<รท............<......).
#..........................
#..........................
##...####....###...###.....
#'### #....###...###..... ..
................... ...
#................... ....
...................


You could see Edmund, an orc and an endoplasm.

Vanquished Creatures
  Sigmund (D:2)
  2 jellies (D:4)
  A hound (D:4)
  An orc priest (D:3)
  An iguana (D:3)
  Robin (D:1)
  5 adders
  7 dart slugs
  2 ribbon worms (D:2)
  11 orcs (D:3)
  8 bats
  An endoplasm (D:1)
  4 giant cockroaches
  14 goblins
  5 hobgoblins
  5 quokkas
  11 ball pythons
  2 frilled lizards
  4 kobolds
  4 rats
90 creatures vanquished.

Vanquished Creatures (others)
  A goblin (D:2)
1 creature vanquished.

Grand Total: 91 creatures vanquished

Notes
Turn   | Place    | Note
-------+----------+-------------------------------------------
     0 | D:1      | wildpjah the Demonspawn Gladiator began the quest for the
                  | Orb.
     0 | D:1      | Reached XP level 1. HP: 16/16 MP: 1/1
   135 | D:1      | Gained mutation: A meltable shield of frost defends you.
                  | (SH +4) [demonic ancestry]
   135 | D:1      | Reached XP level 2. HP: 20/22 MP: 2/2
   222 | D:1      | Reached skill level 3 in Long Blades
   535 | D:2      | Gained mutation: You have a small tail. [demonic ancestry]
   535 | D:2      | Reached XP level 3. HP: 27/27 MP: 3/3
   583 | D:2      | Noticed Robin
   709 | D:1      | Killed Robin
   756 | D:2      | Gained mutation: You have an unusually large brain. (Int
                  | +2) [demonic ancestry]
   756 | D:2      | Reached XP level 4. HP: 30/34 MP: 4/4
   821 | D:2      | Noticed Sigmund
   848 | D:2      | Killed Sigmund
   849 | D:2      | Reached skill level 4 in Long Blades
   849 | D:2      | Reached skill level 1 in Armour
   849 | D:2      | Reached skill level 1 in Shields
   849 | D:2      | Reached XP level 5. HP: 25/41 MP: 5/5
  1289 | D:3      | Noticed a great orb of eyes
  1291 | D:3      | Found a faded altar of an unknown god.
  1292 | D:3      | Noticed a glass eye
  1292 | D:3      | Noticed a glass eye
  1292 | D:3      | Noticed a glass eye
  1472 | D:3      | Reached XP level 6. HP: 47/47 MP: 6/6
  2503 | D:4      | Noticed Edmund
  2691 | D:4      | Noticed Grinder
  2693 | D:4      | Paralysed by Grinder for 4 turns
  2694 | D:4      | Noticed Menkaure
  3163 | D:4      | Slain by Edmund

Illustrated notes

Levels and vault maps discovered:
D:1:      roderic_chinese_lattice_arrival, layout_rooms, serial_corexii_hall,
          chequers_hall_statues_y, chequers_hall_statues_y
D:2:      layout_rooms, uniq_robin, uniq_sigmund
D:3:      layout_loops_ring, hellmonk_ecumenical_altar_watching_god
D:4:      layout_gridville, uniq_grinder, uniq_menkaure, uniq_edmund

Skill      XL: |  1  2  3  4 |
---------------+-------------+-----
Dodging        | 3 |  3.8
Long Blades    | 3 4 |  4.7
Throwing       | 2 |  2.2
Fighting       | 3 |  3.7
Armour         | 1 |  1.9
Shields        | 1 |  1.3
Stealth        | |  0.8

Action                     |  1- 3 |  4- 6 || total
---------------------------+-------+-------++-------
  Melee: Long sword        |   106 |   162 ||   268
         Tailslap          |     7 |    21 ||    28
  Throw: Javelin           |     1 |     3 ||     4
         Throwing net      |       |     5 ||     5
         Stone             |       |     9 ||     9
  Evoke: Wand              |       |     6 ||     6
    Use: Potion            |     1 |       ||     1
   Stab: Held in net/web   |       |     1 ||     1
         Sleeping          |       |     1 ||     1
 Armour: Leather armour    |    76 |   111 ||   187
  Dodge: Dodged            |    73 |    90 ||   163
  Block: Other             |    27 |    27 ||    54

Table legend: (Time is in decaauts)
 A = Elapsed time spent in this place.
 B = Non-inter-level travel time spent in this place.
 C = Inter-level travel time spent in this place.
 D = Time resting spent in this place.
 E = Time spent auto-exploring this place.
 F = Levels seen in this place.
 G = Mean time per level.
                   A        B        C        D        E       F      G
               +--------+--------+--------+--------+--------+-----+--------+
         Total |   3224 |   3078 |    146 |    602 |   1659 |   4 |  806.0 |
       Dungeon |   3224 |   3078 |    146 |    602 |   1659 |   4 |  806.0 |
               +--------+--------+--------+--------+--------+-----+--------+

Top non-repeatable levels by time:
     D:3: 1448 daAuts
     D:1: 662 daAuts
     D:4: 601 daAuts
     D:2: 511 daAuts
